 Dungeon Crawl Stone Soup version 0.20.0-4-g10b340a (webtiles) character file.

1178 mopl the Cleaver (level 8, -5/71 HPs)
             Began as a Hill Orc Berserker on May 27, 2017.
             Was an Elder of Trog.
             Slain by an ogre
             ... wielding a +0 giant club
              (20 damage)
             ... on level 5 of the Dungeon.
             The game lasted 00:05:05 (3430 turns).

mopl the Cleaver (Hill Orc Berserker)               Turns: 3430, Time: 00:05:06

Health: -5/71      AC: 10    Str: 20    XL:     8   Next: 41%
Magic:  8/8        EV:  8    Int:  7    God:    Trog [****..]
Gold:   233        SH:  0    Dex: 12    Spells: 7/7 levels left

rFire    . . .     SeeInvis .   a - +1 hand axe (drain)
rCold    . . .     Gourm    .   (no shield)
rNeg     . . .     Faith    .   g - +0 chain mail
rPois    .         Spirit   .   (no helmet)
rElec    .         Reflect  .   (no cloak)
rCorr    +         Harm     .   (no gloves)
MR       .....     Rnd*Tele +   (no boots)
Stlth    ..........             (no amulet)
Regen    0.3/turn               A - ring of resist corrosion
MPRegen  0.2/turn               s - ring of teleportation (curse)

@: berserk cooldown, slowed, very slow
A: no striking features
a: Berserk, Trog's Hand, Brothers in Arms, Burn Spellbooks, Renounce Religion


You were on level 5 of the Dungeon.
You worshipped Trog.
Trog was greatly pleased with you.
You were not hungry.

You visited 1 branch of the dungeon, and saw 5 of its levels.

You collected 233 gold pieces.

Inventory:

Hand Weapons
 a - a +1 hand axe of draining (weapon)
Missiles
 b - 3 tomahawks (quivered)
 f - 36 poisoned needles
Armour
 g - a +0 chain mail (worn)
Jewellery
 m - a +4 ring of strength
 s - a cursed ring of teleportation (right hand)
 A - a ring of resist corrosion (left hand)
Wands
 y - a wand of flame (36/48)
Scrolls
 i - 2 scrolls of enchant weapon {unknown}
 j - 3 scrolls of amnesia {unknown}
 k - 3 scrolls of blinking {unknown}
 l - 5 scrolls of identify {unknown}
 n - 3 scrolls of teleportation {unknown}
 r - a scroll of enchant armour {unknown}
 t - 2 scrolls of fog {unknown}
Potions
 e - a potion of curing {unknown}
 p - a potion of resistance {unknown}
 q - 2 potions of cancellation {unknown}
 v - a potion of heal wounds {unknown}
 w - a potion of agility {unknown}
 x - a potion of ambrosia {unknown}
 z - a potion of brilliance {unknown}
Comestibles
 c - 3 bread rations
 d - 2 meat rations
 h - a royal jelly
 o - 9 fruits
 u - 6 chunks of flesh


   Skills:
 + Level 6.7 Fighting
 * Level 9.9 Axes
 + Level 5.7 Armour
 - Level 1.5 Dodging


You had 7 spell levels left.
You didn't know any spells.

Dungeon Overview and Level Annotations

Branches:
Dungeon (5/15)
 Temple: D:4-7

Altars:
Cheibriados
Gozag
Nemelex Xobeh
Qazlal
Vehumet
Zin


Message History

You are too injured to fight recklessly!
You are too injured to fight recklessly!
The frilled lizard hisses angrily.
Things that are here:
a halberd; a club An ogre comes into view.
It is wielding a giant club.
The ogre shouts!
You slash the frilled lizard!
You kill the frilled lizard!
Trog accepts your kill.
Found a scroll labeled LERETU RETUOPS.
You see here a frilled lizard corpse.
You hit the ogre but do no damage. You drain the ogre!
The ogre is lightly wounded.
The ogre hits you with a giant club!
* * * LOW HITPOINT WARNING * * *
You completely miss the ogre.
The ogre is lightly wounded.
The ogre hits you with a giant club!!
You die...

#. ...... #.### ......
...... ..... #
#.#...##...##.#
#.......$.....# ##
#?....#...... ##.
.......O..# ##..
#.###@.##### ##.#.
..#..........# # #.###
#.......)#...#.# #..#.
##..####.#...#.# #.#.. #...
#.†.....# ##.##. ..#.
###...######..... #. #.
#..........####
#.##.######.).#####..####
.##...........)........#...


You could see an ogre.

Vanquished Creatures
  2 phantoms
  Blork the orc (D:4)
  A scorpion (D:4)
  3 wights (D:5)
  A vampire bat (D:3)
  2 crimson imps (D:5)
  A jelly (D:5)
  3 orc priests
  An iguana (D:5)
  2 orc wizards (D:5)
  6 worker ants
  A hound skeleton (D:4)
  9 adders
  4 gnolls (D:5)
  An ooze (D:4)
  7 worms
  A dart slug (D:1)
  3 fire bats (D:3)
  2 leopard geckos
  7 orcs
  2 spectral bats (D:3)
  3 bat skeletons (D:3)
  A bat zombie (D:3)
  3 giant cockroaches
  6 goblins
  8 hobgoblins
  3 jackals (D:3)
  6 ball pythons
  19 bats
  A bat simulacrum (D:3)
  8 frilled lizards
  A jackal skeleton (D:4)
  3 kobolds
  A quokka skeleton (D:4)
  4 rats
127 creatures vanquished.

Notes
Turn   | Place    | Note
-------+----------+-------------------------------------------
     0 | D:1      | mopl the Hill Orc Berserker began the quest for the Orb.
     0 | D:1      | Reached XP level 1. HP: 19/19 MP: 1/1
    87 | D:1      | Reached XP level 2. HP: 15/27 MP: 2/2
   193 | D:1      | Reached skill level 4 in Fighting
   655 | D:2      | Found a glowing silver altar of Zin.
   670 | D:2      | Reached XP level 3. HP: 30/33 MP: 3/3
   786 | D:2      | Reached ** piety under Trog
   818 | D:2      | Found an opulent altar of Gozag.
   827 | D:2      | Reached skill level 5 in Axes
  1323 | D:3      | Found a faded altar of an unknown god.
  1400 | D:3      | Reached skill level 3 in Armour
  1441 | D:3      | Reached XP level 4. HP: 32/40 MP: 4/4
  1670 | D:3      | Found a stormy altar of Qazlal.
  1890 | D:3      | Reached *** piety under Trog
  1894 | D:3      | Reached XP level 5. HP: 46/47 MP: 5/5
  1907 | D:3      | Reached skill level 6 in Axes
  1973 | D:3      | Reached skill level 5 in Fighting
  2027 | D:4      | Found a snail-covered altar of Cheibriados.
  2039 | D:4      | Reached XP level 6. HP: 48/56 MP: 6/6
  2164 | D:4      | Reached skill level 7 in Axes
  2213 | D:4      | Reached skill level 4 in Armour
  2294 | D:4      | Noticed Blork the orc
  2306 | D:4      | Killed Blork the orc
  2306 | D:4      | Reached XP level 7. HP: 54/61 MP: 7/7
  2419 | D:4      | Reached skill level 8 in Axes
  2783 | D:4      | Reached **** piety under Trog
  3017 | D:5      | Entered Level 5 of the Dungeon
  3032 | D:5      | Reached skill level 6 in Fighting
  3037 | D:5      | Reached skill level 5 in Armour
  3042 | D:5      | Reached skill level 9 in Axes
  3042 | D:5      | Reached XP level 8. HP: 56/71 MP: 8/8
  3081 | D:5      | Found a sparkling altar of Nemelex Xobeh.
  3240 | D:5      | Found a radiant altar of Vehumet.
  3430 | D:5      | Slain by an ogre

Skill      XL: |  1  2  3  4  5  6  7 |
---------------+----------------------+-----
Fighting       | 4 5 6 |  6.7
Axes           | 5 6 7 9 |  9.9
Armour         | 3 4 5 |  5.7
Dodging        | |  1.5

Action                   |  1- 3 |  4- 6 |  7- 9 || total
-------------------------+-------+-------+-------++-------
Melee: Hand axe          |   151 |   186 |   135 ||   472
Invok: Berserk           |     1 |     1 |     3 ||     5
  Eat: Chunk             |     3 |     3 |     8 ||    14
Armor: Ring mail         |     4 |       |       ||     4
       Animal skin       |     2 |       |       ||     2
       Chain mail        |    79 |   173 |    44 ||   296
Dodge: Dodged            |    79 |   126 |    41 ||   246
